 Dungeon Crawl Stone Soup version 0.27-a0-911-gfacc31910f (webtiles) character file.

Game seed: 4569379802964074512

12154 Froggeryz the Frost Mage (level 11, -11/94 HPs)
             Began as a Demigod Ice Elementalist on Apr 9, 2021.
             Mangled by a +1 mace of flaming (17 damage)
             ... in a volcano.
             The game lasted 00:19:08 (12429 turns).

Froggeryz the Frost Mage (DgIE)                    Turns: 12429, Time: 00:19:10

Health: -11/94     AC: 17    Str: 13    XL:     11   Next: 33%
Magic:  15/19      EV: 15    Int: 25    God:
Gold:   584        SH:  5    Dex: 14    Spells: 9/16 levels left

rFire    . . .     SeeInvis +   B - +6 mace
rCold    . . .     Faith    .   l - +0 buckler
rNeg     . . .     Spirit   .   w - +1 leather armour {Will+}
rPois    .         Reflect  .   E - +0 mask of the Dragon {Will+ Slay+3 SInv}
rElec    .         Harm     .   A - +2 cloak {rCorr}
rCorr    +         Rampage  .   c - +0 pair of gloves
Will     +++..                  C - +0 pair of boots
Stlth    ++........             n - amulet of the acrobat
HPRegen  0.25/turn              o - +4 ring of evasion
MPRegen  0.16/turn              (no ring)

@: ice-armoured, about to teleport, freezing walls
A: high mp 1, forlorn
a: no special abilities


You were in a volcano.
You visited 2 branches of the dungeon, and saw 9 of its levels.
You also visited: Volcano.

You collected 584 gold pieces.

Inventory:

Hand Weapons
 B - a +6 mace (weapon)
 G - a +2 mace of flaming
Missiles
 a - 5 boomerangs of dispersal
 e - 41 poisoned darts (quivered)
 h - 2 throwing nets
Armour
 c - a +0 pair of gloves (worn)
 l - a +0 buckler (worn)
 w - a +1 leather armour of willpower (worn)
 A - a +2 cloak of preservation (worn)
 C - a +0 pair of boots (worn)
 E - the +0 mask of the Dragon (worn) {Will+ Slay+3 SInv}
   (You found it on level 1 of the Lair of Beasts)

   It affects your accuracy and damage with ranged weapons and melee attacks
   (+3).
   It lets you see invisible.
   It increases your willpower.
 H - a +2 robe of fire resistance
Magical Staves
 i - a staff of death
Jewellery
 n - an amulet of the acrobat (around neck)
 o - a +4 ring of evasion (left hand)
 v - a ring of resist corrosion
Wands
 y - a wand of random effects (7)
 z - a wand of flame (20)
Scrolls
 g - 2 scrolls of magic mapping
 p - 4 scrolls of teleportation
 q - a scroll of noise {unknown}
 r - a scroll of fear
 u - a scroll of fog
 x - a scroll of enchant weapon
 D - 4 scrolls of identify
Potions
 b - 2 potions of lignification {unknown}
 d - a potion of degeneration {unknown}
 f - 2 potions of flight
 j - a potion of berserk rage {unknown}
 k - 2 potions of curing {unknown}
 m - 5 potions of attraction {unknown}
 t - 2 potions of invisibility
 F - a potion of brilliance {unknown}


   Skills:
 + Level 7.8 Fighting
 - Level 1.7 Dodging
 - Level 1.7 Stealth
 - Level 5.0 Shields
 - Level 3.0 Spellcasting
 * Level 13.9 Ice Magic


You had 9 spell levels left.
You knew the following spells:

 Your Spells              Type           Power      Damage    Failure   Level
a - Freeze                Ice            100%       1d11      1%          1
b - Frozen Ramparts       Ice            100%       1d12      1%          3
c - Ozocubu's Armour      Ice            65%        N/A       1%          3

Your spell library contained the following spells:

 Spells                   Type           Power      Damage    Failure   Level
 Hailstorm                Conj/Ice       38%        3d9       8%          4
 Ice Form                 Ice/Tmut       38%        N/A       8%          4
 Summon Ice Beast         Ice/Summ       38%        N/A       8%          4
 Beastly Appendage        Tmut           6%         N/A       13%         1
 Magic Dart               Conj           12%        1d3       13%         1
 Blink                    Tloc           N/A        N/A       19%         2
 Call Imp                 Summ           3%         N/A       19%         2
 Slow                     Hex            3%         N/A       19%         2
 Wereblood                Tmut           3%         N/A       19%         2
 Conjure Flame            Conj/Fire      3%         6-21      36%         3
 Mephitic Cloud           Conj/Pois/Air  3%         N/A       36%         3
 Spider Form              Tmut/Pois      1%         N/A       36%         3
 Hydra Form               Tmut           1%         N/A       98%         5


Dungeon Overview and Level Annotations

Branches:
Dungeon (8/15)             Temple (0/1) D:5            Lair (1/6) D:8
Volcano (1/1)

Shops:
D:3 (

Annotations:
D:8 1 runed translucent door, fly's ghost, novice TeFE


Innate Abilities, Weirdness & Mutations

Your attributes grow dramatically as you level up.
You have an increased reservoir of magic. (+10% MP)
You shall have no god before yourself.


Message History

The +1 mace of flaming is moderately damaged.
The +1 mace of flaming completely resists.
The wall freezes the +1 mace of flaming but does no damage.
You block the +1 mace of flaming's attack.
The +1 mace of flaming resists.
The wall freezes the +1 mace of flaming.
The +1 mace of flaming hits you but does no damage.
You hit the +1 mace of flaming but do no damage.
The +1 mace of flaming is moderately damaged.
The +1 mace of flaming resists.
The wall freezes the +1 mace of flaming.
The +1 mace of flaming hits you but does no damage.
The +1 mace of flaming completely resists.
The wall freezes the +1 mace of flaming but does no damage.
The +1 mace of flaming barely misses you.
The +1 mace of flaming completely resists.
The wall freezes the +1 mace of flaming but does no damage.
You block the +1 mace of flaming's attack.
Unknown command.
You closely miss the +1 mace of flaming.
The +1 mace of flaming is moderately damaged.
The +1 mace of flaming completely resists.
The wall freezes the +1 mace of flaming but does no damage.
The +1 mace of flaming hits you. The +1 mace of flaming burns you.
The +1 mace of flaming resists.
The wall freezes the +1 mace of flaming.
The +1 mace of flaming hits you! The +1 mace of flaming burns you.
The heat melts your icy armour.
As you read the scroll of teleportation, it crumbles to dust.
You feel strangely unstable.
The +1 mace of flaming completely resists.
The wall freezes the +1 mace of flaming but does no damage.
The +1 mace of flaming hits you!!
* * * LOW HITPOINT WARNING * * *
The +1 mace of flaming burns you.
* * * LOW HITPOINT WARNING * * *
The +1 mace of flaming resists.
The wall freezes the +1 mace of flaming.
The +1 mace of flaming hits you!
You die...

##.##'################'#
###...#......≈♣♣≈§# .
########.∩.)).....≈≈♣≈≈#
#....'.....#.......≈≈≈≈#
#.######################
#.#.$$)[?('.# ≈≈≈§§≈
#.#$[[[!$$#.# ###≈≈§≈§≈
#.#)$$!$..#(# ###§≈≈≈
#.#########@# ##≈#
#...........# #
#############


You could see a +1 mace of flaming.

Vanquished Creatures
  A hydra (Lair:1)
  4 wizards (Volcano)
  5 toenail golems (Volcano)
  A rime drake (Lair:1)
  2 komodo dragons
  A hornet (D:7)
  3 blink frogs (Lair:1)
  Eustachio (D:5)
  3 fire bats (Lair:1)
  7 yaks
  A steam dragon (D:7)
  Menkaure (D:5)
  Duvessa (D:5)
  4 water moccasins
  2 black bears (D:8)
  An orc warrior (D:5)
  A sky beast (D:7)
  5 wolves (Lair:1)
  A centaur (D:6)
  2 ogres
  A phantom (D:5)
  A kobold brigand (D:8)
  Blork the orc (D:4)
  A gnoll sergeant (D:5)
  7 bullfrogs
  2 scorpions
  Dowan (D:5)
  A water moccasin zombie (D:6)
  A wyvern skeleton (D:7)
  2 water moccasin skeletons
  8 killer bees
  7 wights
  A howler monkey (D:5)
  4 crimson imps (D:5)
  A bullfrog zombie (D:6)
  2 hounds
  2 jellies
  2 centaur zombies
  Crazy Yiuf (D:5)
  2 centaur skeletons
  4 iguanas
  Natasha (thrice) (D:4)
  An orc wizard (D:7)
  A hound skeleton (D:4)
  Robin (D:1)
  8 adders
  An adder zombie (D:5)
  5 worms
  2 dart slugs
  16 orcs
  5 bats
  5 endoplasms
  4 giant cockroaches
  11 hobgoblins
  7 jackals
  5 quokkas
  4 ball pythons
  2 frilled lizards
  16 goblins
  10 kobolds
  A rat (D:2)
207 creatures vanquished.

Vanquished Creatures (others)
  A wizard (Volcano)
  43 fungi
  37 plants
81 creatures vanquished.

Grand Total: 288 creatures vanquished

Notes
Turn   | Place    | Note
-------+----------+-------------------------------------------
     0 | D:1      | Froggeryz the Demigod Ice Elementalist began the quest for
                  | the Orb.
     0 | D:1      | Reached XP level 1. HP: 14/14 MP: 5/5
   662 | D:1      | Reached XP level 2. HP: 19/20 MP: 5/7
   664 | D:1      | Reached skill level 4 in Ice Magic
  1545 | D:2      | Noticed Robin
  1557 | D:2      | Reached XP level 3. HP: 24/26 MP: 7/9
  1578 | D:2      | Learned a level 3 spell: Frozen Ramparts
  1704 | D:1      | Killed Robin
  2609 | D:2      | Reached XP level 4. HP: 11/33 MP: 6/10
  3339 | D:3      | Found Suechyej's Antique Weapon Shoppe.
  3398 | D:3      | Reached skill level 5 in Ice Magic
  4464 | D:4      | Reached XP level 5. HP: 24/38 MP: 8/12
  4646 | D:4      | Noticed Natasha
  4654 | D:4      | Reached skill level 1 in Shields
  4655 | D:4      | Killed Natasha
  4670 | D:4      | Noticed Natasha
  4675 | D:4      | Killed Natasha
  4876 | D:4      | Reached skill level 6 in Ice Magic
  4963 | D:4      | Reached XP level 6. HP: 31/45 MP: 10/13
  5098 | D:4      | Noticed Natasha
  5105 | D:4      | Killed Natasha
  5169 | D:4      | Noticed Blork the orc
  5178 | D:4      | Killed Blork the orc
  5601 | D:5      | Entered Level 5 of the Dungeon
  5893 | D:5      | Reached XP level 7. HP: 49/50 MP: 10/14
  5951 | D:5      | Reached skill level 7 in Ice Magic
  6055 | D:5      | Noticed Eustachio
  6087 | D:5      | Killed Eustachio
  6222 | D:5      | Learned a level 3 spell: Ozocubu's Armour
  6336 | D:5      | Reached skill level 8 in Ice Magic
  6366 | D:5      | Noticed Duvessa
  6366 | D:5      | Noticed Dowan
  6371 | D:5      | Killed Duvessa
  6372 | D:5      | Reached XP level 8. HP: 55/57 MP: 8/15
  6372 | D:5      | Killed Dowan
  6479 | D:5      | Noticed Menkaure
  6497 | D:5      | Killed Menkaure
  6751 | D:5      | Found a runed translucent door.
  6752 | D:5      | Noticed Crazy Yiuf
  6815 | D:5      | Found a staircase to the Ecumenical Temple.
  7112 | D:5      | Killed Crazy Yiuf
  7166 | D:6      | Reached skill level 9 in Ice Magic
  7199 | D:6      | Reached skill level 5 in Shields
  7626 | D:6      | Reached skill level 1 in Fighting
  8694 | D:7      | Reached skill level 10 in Ice Magic
  8694 | D:7      | Reached XP level 9. HP: 60/67 MP: 8/16
  9579 | D:8      | Paralysed by a hornet for 1 turns
  9860 | D:7      | Reached skill level 11 in Ice Magic
 10199 | D:8      | Found a runed translucent door.
 10199 | D:8      | Noticed fly's ghost (novice TeFE)
 10337 | D:8      | Noticed a komodo dragon
 10353 | D:8      | Killed a komodo dragon
 10996 | D:8      | Found a staircase to the Lair.
 11267 | D:8      | Reached skill level 5 in Fighting
 11267 | D:8      | Reached XP level 10. HP: 81/81 MP: 14/18
 11431 | Lair:1   | Entered Level 1 of the Lair of Beasts
 11469 | Lair:1   | Noticed a five-headed hydra
 11480 | Lair:1   | Killed a five-headed hydra
 11481 | Lair:1   | Reached skill level 12 in Ice Magic
 11595 | Lair:1   | Found the +0 mask of the Dragon {Will+ Slay+3 SInv}
 11702 | Lair:1   | Noticed an eight-headed hydra
 11765 | Lair:1   | Reached skill level 13 in Ice Magic
 11768 | Lair:1   | Found a dark tunnel.
 11777 | Volcano  | Entered a volcano
 11806 | Volcano  | Noticed a wizard
 11807 | Volcano  | Noticed a toenail golem
 11821 | Volcano  | Killed a toenail golem
 11824 | Volcano  | Killed a wizard
 11825 | Volcano  | Noticed a toenail golem
 11842 | Volcano  | Killed a toenail golem
 11843 | Volcano  | Reached XP level 11. HP: 50/92 MP: 3/19
 11843 | Volcano  | Noticed a wizard
 11856 | Volcano  | Killed a wizard
 12067 | Volcano  | Noticed a wizard
 12073 | Volcano  | Killed a wizard
 12101 | Volcano  | Noticed a wizard
 12102 | Volcano  | Noticed a wizard
 12118 | Volcano  | Killed a wizard
 12124 | Volcano  | Killed a wizard
 12416 | Volcano  | Noticed a +1 mace of flaming
 12429 | Volcano  | Mangled by a +1 mace of flaming

Illustrated notes

Levels and vault maps discovered:
D:1:      onia_arrival_pentagram, layout_basic
D:2:      minmay_diamond_boxcup, layout_loops_ring, basic_ecumenical_altar,
          uniq_robin
D:3:      layout_loops_ring, nicolae_uskayaw_dance_hall, serial_shops, shop
D:4:      layout_rooms, minitemple, uniq_natasha, uniq_blork_the_orc
D:5:      layout_basic, led_xom_imps, minmay_temple_entry_arrows,
          sword_in_stone, uniq_crazy_yiuf_cottage, uniq_menkaure, uniq_duvessa
D:6:      layout_basic, kennysheep_donut
D:7:      layout_cave_pools, okawaru_gym_becter, minmay_misc_feat_enclosed,
          minivault_5, bh_walls_and_bars
D:8:      layout_layer_cave, due_lair_maze_entry_diamond, gammafunk_ghost_grave
Lair:1:   layout_loops_ring, nicolae_volcano_entry_batcave,
          nicolae_quartered_pool_little, chequers_serial_rivers_micro_c,
          infiniplex_staircase_pool_2, grunt_megastairs_3, uniq_sonja
Volcano:  volcano_bunker

Skill      XL: |  1  2  3  4  5  6  7  8  9 10 |
---------------+-------------------------------+-----
Spellcasting   | 2 3 |  3.0
Ice Magic      | 4 5 6 8 10 11 13 | 13.9
Shields        | 1 2 4 5 |  5.0
Fighting       | 2 5 7 |  7.8
Dodging        | |  1.7
Stealth        | |  1.7

Action                   |  1- 3 |  4- 6 |  7- 9 | 10-12 || total
-------------------------+-------+-------+-------+-------++-------
Melee: Mace              |   107 |   106 |   207 |    77 ||   497
       Unarmed           |     2 |       |       |       ||     2
Throw: Dart              |     1 |       |     6 |       ||     7
 Cast: Freeze            |    38 |    78 |    35 |    11 ||   162
       Frozen Ramparts   |       |     2 |    38 |    18 ||    58
       Ozocubu's Armour  |       |       |    11 |     9 ||    20
Evoke: Wand              |       |       |     3 |     4 ||     7
  Use: Scroll            |     2 |       |     6 |     1 ||     9
 Stab: Sleeping          |     6 |     5 |     2 |       ||    13
       Distracted        |       |       |     1 |       ||     1
Armor: Robe              |    30 |    31 |       |       ||    61
       Leather armour    |       |       |    88 |    29 ||   117
Dodge: Dodged            |   102 |   146 |   234 |    54 ||   536
Block: Buckler           |       |       |   102 |    24 ||   126

Table legend: (Time is in decaauts)
 A = Elapsed time spent in this place.
 B = Non-inter-level travel time spent in this place.
 C = Inter-level travel time spent in this place.
 D = Time resting spent in this place.
 E = Time spent auto-exploring this place.
 F = Levels seen in this place.
 G = Mean time per level.
                   A        B        C        D        E       F      G
               +--------+--------+--------+--------+--------+-----+--------+
         Total |  12644 |  12479 |    165 |   2950 |   7298 |  10 | 1264.4 |
       Dungeon |  11611 |  11446 |    165 |   2454 |   7245 |   8 | 1451.4 |
          Lair |    355 |    355 |      0 |     42 |     38 |   1 |  355.0 |
       Volcano |    676 |    676 |      0 |    454 |     15 |   1 |  676.0 |
               +--------+--------+--------+--------+--------+-----+--------+

Top non-repeatable levels by time:
     D:5: 1569 daAuts
     D:2: 1537 daAuts
     D:1: 1519 daAuts
     D:8: 1475 daAuts
     D:6: 1463 daAuts
     D:3: 1426 daAuts
     D:7: 1413 daAuts
     D:4: 1205 daAuts
 Volcano: 676 daAuts
  Lair:1: 355 daAuts
